 Dungeon Crawl Stone Soup version 0.26.1-11-gd32895ea62 (webtiles) character file.

Game seed: 1693235437369929182

50 Zeld the Digger (level 3, 0/19 HPs)
             Began as a Gargoyle Earth Elementalist on June 9, 2021.
             Slain by a gnoll
             ... wielding a +0 club
              (5 damage)
             ... on level 1 of the Dungeon on June 10, 2021.
             The game lasted 00:04:03 (1400 turns).

Zeld the Digger (Gargoyle Earth Elementalist)       Turns: 1400, Time: 00:04:04

Health: 0/19       AC:  6    Str: 11    XL:     3   Next: 79%
Magic:  6/6        EV: 12    Int: 16    God:
Gold:   87         SH:  0    Dex: 10    Spells: 1/7 levels left

rFire    . . .     SeeInvis .   b - +0 spear
rCold    . . .     Faith    .   (no shield)
rNeg     + . .     Spirit   .   c - +0 robe
rPois    ∞         Reflect  .   (no helmet)
rElec    +         Harm     .   (no cloak)
rCorr    .         Rampage  .   h - +0 pair of gloves
Will     .....                  (no boots)
Stlth    ++........             (no amulet)
HPRegen  0.06/turn              (no ring)
MPRegen  0.10/turn              (no ring)

@: no status effects
A: negative energy resistance 1, electricity resistance, unbreathing,
petrification resistance, miasma immunity, AC +3
a: no special abilities


You were on level 1 of the Dungeon.
You visited 1 branch of the dungeon, and saw 2 of its levels.

You collected 87 gold pieces.

Inventory:

Hand Weapons
 b - a +0 spear (weapon)
Armour
 c - a +0 robe (worn)
 h - a +0 pair of gloves (worn)
Scrolls
 d - 2 scrolls of identify {unknown}
 e - a scroll of random uselessness {unknown}
 f - a scroll of teleportation {unknown}
Potions
 a - a potion of curing {unknown}


   Skills:
 + Level 2.1 Dodging
 - Level 2.1 Stealth
 + Level 2.5 Spellcasting
 - Level 0.7 Transmutations
 * Level 4.7 Earth Magic


You had one spell level left.
You knew the following spells:

 Your Spells              Type           Power        Failure   Level
a - Sandblast             Erth           34%          2%          1
b - Passwall              Tmut/Erth      8%           10%         2
c - Stone Arrow           Conj/Erth      18%          22%         3

Your spell library contained the following spells:

 Spells                   Type           Power        Failure   Level
 Petrify                  Tmut/Erth      10%          54%         4
 Lee's Rapid Deconstruct  Erth           8%           61%         5


Dungeon Overview and Level Annotations

Branches:
Dungeon (2/15)

Altars:


Innate Abilities, Weirdness & Mutations

You are resistant to torment.
Your stone body is resilient. (AC +3)
You are immune to poison.
You resist negative energy. (rN+)
You are resistant to electric shocks. (rElec)
You can survive without breathing.
You are immune to petrification.
You are immune to miasma.


Message History

Press: ? - help, Dir - move target, f/p - gnoll
Aim: a gnoll, wielding a +0 club (severely wounded)
You hit the gnoll but do no damage.
The gnoll is severely wounded.
The gnoll misses you.
Unknown command.
Reach: b) +0 spear
Press: ? - help, Dir - move target, f/p - gnoll
Aim: a gnoll, wielding a +0 club (severely wounded)
You hit the gnoll but do no damage.
The gnoll is severely wounded.
The gnoll closely misses you.
Unknown command.
Reach: b) +0 spear
Press: ? - help, Dir - move target, f/p - gnoll
Aim: a gnoll, wielding a +0 club (severely wounded)
You hit the gnoll.
The gnoll is severely wounded.
The gnoll hits you with a +0 club.
You die...

#........# #...###### # #...# #
#...# ## ####...# .## #......#
..# ####......### .∩#
#..'.>......# .## #@##....>...#
.# #g##........# .## ##########
#.##........# ..#
#........###'###.......# .∩#
#........##....#.......#
#####........##....#....#########
#...........##....#........)....
#........#####....#.(..>..)....#
#.[......#........#......§≈≈≈≈..


You could see a gnoll.

Vanquished Creatures
  2 gnolls
  2 leopard geckos
  A ball python (D:1)
  3 giant cockroaches
  4 hobgoblins (D:1)
  4 kobolds (D:1)
  3 bats (D:1)
  5 frilled lizards
  2 goblins
  5 rats (D:1)
31 creatures vanquished.

Notes
Turn   | Place    | Note
-------+----------+-------------------------------------------
     0 | D:1      | Zeld the Gargoyle Earth Elementalist began the quest for
                  | the Orb.
     0 | D:1      | Reached XP level 1. HP: 10/10 MP: 3/3
    44 | D:1      | Reached skill level 4 in Earth Magic
    44 | D:1      | Reached XP level 2. HP: 15/15 MP: 0/5
    52 | D:1      | Learned a level 2 spell: Passwall
   478 | D:1      | Reached XP level 3. HP: 19/19 MP: 2/6
   485 | D:1      | Learned a level 3 spell: Stone Arrow
  1400 | D:1      | Slain by a gnoll

Illustrated notes

Levels and vault maps discovered:
D:1:      amcnicky_arrival_abandoned_market, layout_basic, grunt_decor_junction
D:2:      layout_loops_ring, makhleb_heckhound_becter, lemuel_crystal_altar

Skill      XL: |  1  2  3 |
---------------+----------+-----
Earth Magic    | 4 |  4.7
Dodging        | 2 |  2.1
Stealth        | |  2.1
Spellcasting   | |  2.5
Transmutations | |  0.7

Action                   || total
-------------------------++-------
Melee: Unarmed           ||    43
       Spear             ||     3
 Cast: Sandblast         ||    48
       Stone Arrow       ||     1
 Stab: Sleeping          ||     2
Armor: Robe              ||    22
Dodge: Dodged            ||    41
